 Dungeon Crawl Stone Soup version 0.20-a0-2-g2b0e13a (webtiles) character file.

12821 Mysteryquy the Cleaver (level 11, 0/89 HPs)
             Began as a Minotaur Fighter on Oct 27, 2016.
             Was a Priest of Hepliaklqana.
             Slain by a nine-headed hydra (11 damage)
             ... on level 11 of the Dungeon.
             The game lasted 00:24:30 (10335 turns).

Mysteryquy the Cleaver (Minotaur Fighter)          Turns: 10335, Time: 00:24:31

Health: 0/89       AC: 17    Str: 25    XL:     11   Next: 67%
Magic:  10/10      EV:  8    Int:  9    God:    Hepliaklqana [***...]
Gold:   300        SH: 12    Dex: 13    Spells: 0 memorised, 10 levels left

rFire  + . .     SeeInvis .     Z - +3 war axe (chop)
rCold  . . .     Gourm    .     J - +0 plate armour
rNeg   + . .     Faith    .     c - +0 shield
rPois  +         Spirit   .     V - +0 hat "Ywure" {rElec Int+4 Stlth-} (curse)
rElec  +         Reflect  .     (no cloak)
rCorr  .         Harm     .     A - +0 pair of gloves (curse)
MR     .....                    l - +0 pair of boots
Stlth  ..........               (no amulet)
                                (no ring)
                                W - ring "Junly" {rPois rF+ rN+ Dex+4}

@: lethally poisoned (0 -> -3)
A: retaliatory headbutt, reduced essence, horns 2
a: Recall Ancestor, Ancestor Identity, Transference, Renounce Religion


You were on level 11 of the Dungeon.
You worshipped Hepliaklqana.
Hepliaklqana was most pleased with you.
You were not hungry.

You visited 2 branches of the dungeon, and saw 12 of its levels.

You collected 534 gold pieces.
You spent 234 gold pieces at shops.

Inventory:

Hand Weapons
 C - a +3 flail of venom
 M - the +0 hand axe of Qyizig {protect, MR+ Int+4, unknown}
   (You acquired it on level 10 of the Dungeon)

   It protects the one who uses it against injury (+AC on strike).
   It affects your intelligence (+4).
   It affects your resistance to hostile enchantments.
 Z - a +3 war axe of chopping (weapon)
Armour
 b - a +0 scale mail
 c - a +0 shield (worn)
 l - a +0 pair of boots (worn)
 A - a cursed +0 pair of gloves (worn)
 J - a +0 plate armour (worn)
 V - the cursed +0 hat "Ywure" (worn) {rElec Int+4 Stlth-}
   (You bought it in a shop on level 8 of the Dungeon)

   It affects your intelligence (+4).
   It insulates you from electricity.
   It makes you less stealthy.
   It has a curse placed upon it.
Jewellery
 g - a +5 ring of strength {unknown}
 p - an uncursed ring of flight {unknown}
 q - a +3 ring of strength {unknown}
 s - an uncursed ring of protection from magic {unknown}
 H - an uncursed ring of stealth {unknown}
 N - a cursed amulet of inaccuracy {unknown}
 U - a cursed -3 ring of protection {unknown}
 W - the ring "Junly" (left hand) {rPois rF+ rN+ Dex+4}
   (You found it on level 8 of the Dungeon)

   [ring of protection from fire]

   It affects your dexterity (+4).
   It protects you from fire.
   It protects you from poison.
   It protects you from negative energy.
 Y - a cursed ring of loudness {unknown}
Scrolls
 d - 2 scrolls of magic mapping {unknown}
 e - 7 scrolls of remove curse {unknown}
 k - 3 scrolls of recharging
 m - a scroll of fog {unknown}
 n - 2 scrolls of teleportation
 w - 3 scrolls of enchant weapon
 y - 6 scrolls of identify
 G - a scroll of amnesia
 K - a scroll of acquirement
Potions
 a - a potion of magic {unknown}
 i - 2 potions of berserk rage {unknown}
 j - a potion of beneficial mutation {unknown}
 o - 2 potions of curing
 r - 3 potions of flight {unknown}
 x - a potion of agility {unknown}
 B - a potion of mutation {unknown}
 D - 2 potions of lignification {unknown}
 E - 2 potions of heal wounds
 F - a potion of degeneration {unknown}
 O - 2 potions of invisibility {unknown}
 S - 2 potions of might
Books
 t - a book of Callings

   Spells                             Type                      Level
   a - Summon Small Mammal            Summoning                    1
   b - Call Imp                       Summoning                    2
   c - Call Canine Familiar           Summoning                    3
   d - Summon Guardian Golem          Hexes/Summoning              3
   e - Summon Lightning Spire         Summoning/Air                4
   f - Summon Ice Beast               Ice/Summoning                4
 u - a book of Changes

   Spells                             Type                      Level
   a - Beastly Appendage              Transmutation                1
   b - Sticks to Snakes               Transmutation                2
   c - Spider Form                    Transmutation/Poison         3
   d - Ice Form                       Ice/Transmutation            4
   e - Blade Hands                    Transmutation                5
Comestibles
 f - a bread ration
 h - a royal jelly
 v - 14 fruits
 z - 2 beef jerkies
 L - 7 meat rations
 Q - 7 slices of pizza


   Skills:
 + Level 9.7 Fighting
 + Level 11.6(13.1) Axes
 + Level 10.4(12.5) Maces & Flails
 + Level 10.4 Armour
 + Level 3.1 Dodging
 + Level 2.1 Stealth
 + Level 8.9 Shields


You had 10 spell levels left.
You didn't know any spells.

Dungeon Overview and Level Annotations

Branches:
Dungeon (11/15)            Temple (1/1) D:7
   Lair: D:8-11         Orc: D:9-12

Altars:
Ashenzari
Cheibriados
Dithmenos
Elyvilon
Fedhas
Gozag
Hepliaklqana
Makhleb
Nemelex Xobeh
Okawaru
Qazlal
Ru
Sif Muna
Trog
Uskayaw
Vehumet
Xom
Yredelemnul
Zin
The Shining One

Shops:
D:6 [   D:8 [   D:9 =   D:10 [=[%%

Portals:
Trove: D:10 (lose all piety)


Innate Abilities, Weirdness & Mutations

You reflexively headbutt those who attack you in melee.
You have a pair of horns on your head.
Your life essence is reduced. (-10% HP)


Message History

You are too injured to fight recklessly!
You are too injured to fight recklessly!
Unknown command.
You are too injured to fight recklessly!
You feel sick. You block the wolf's attack.
The electric eel shoots out a bolt of lightning at you!
The bolt of electricity hits you! You resist. You block the wolf's attack.
You feel sick. The wolf bites you but does no damage.
There is a stone staircase leading up here.
You block the wolf's attack.
You block the nine-headed hydra's attack.
The nine-headed hydra barely misses you.
The nine-headed hydra bites you but does no damage.
The nine-headed hydra barely misses you.
The nine-headed hydra bites you but does no damage.
You block the nine-headed hydra's attack.
The nine-headed hydra bites you!
* * * LOW HITPOINT WARNING * * *
The nine-headed hydra bites you!
You die...

.))##............#
.)((<.(.(..;;....#
.)R##..#.........#
†....##..........#
......#....(.)†..#
.............)...#
......!..........#
..............(hD#
...............(@#
................(#
................(#
................†####.#
...... ...............#
...?. ...............#
...............#
..............#
..............#


You could see a nine-headed hydra, a wolf and 2 electric eels.

Vanquished Creatures
  A hydra (D:10)
  An unseen horror (D:10)
  Pikel (D:7)
  3 ugly things (D:11)
  Joseph (D:9)
  Psyche (D:9)
  The ghost of Shredu92 the Slicer, a novice VSAs (D:6)
  A troll (D:11)
  2 dream sheep (D:10)
  Sigmund (D:2)
  A wyvern (D:9)
  6 yaks (D:10)
  Eustachio (D:6)
  3 hungry ghosts
  Duvessa (D:7)
  A water moccasin (D:11)
  6 orc warriors
  4 sky beasts
  A slave (D:7)
  An ice beast (D:9)
  A phantom (D:8)
  An eye of draining (D:9)
  3 ogres
  2 wolves (D:11)
  12 centaurs
  9 bullfrogs
  2 big kobolds (D:10)
  A gnoll sergeant (D:9)
  A water moccasin zombie (D:10)
  Dowan (D:7)
  4 scorpions
  4 killer bees (D:10)
  8 wights (D:8)
  An electric eel (D:11)
  3 howler monkeys
  A crimson imp (D:6)
  A quasit (D:7)
  2 jellies
  4 hounds
  A centaur skeleton (D:5)
  8 orc priests
  2 bullfrog skeletons
  Jessica (D:2)
  Natasha (thrice) (D:2)
  An iguana (D:7)
  Terence (D:2)
  8 orc wizards
  6 worker ants
  A killer bee zombie (D:10)
  2 hound skeletons
  Robin (D:3)
  A howler monkey zombie (D:7)
  14 gnolls
  13 adders
  A shadow imp (D:6)
  3 oozes
  2 worms
  An adder skeleton (D:4)
  An adder zombie (D:6)
  A dart slug (D:3)
  38 orcs
  8 bats
  4 giant cockroaches
  18 goblins
  8 hobgoblins
  5 jackals
  2 quokkas
  A ball python (D:1)
  5 frilled lizards
  2 gnoll zombies (D:2)
  6 kobolds
  A quokka zombie (D:3)
  4 rats
273 creatures vanquished.

Vanquished Creatures (collateral kills)
  A centaur skeleton (D:10)
  A yak (D:10)
  A centaur (D:11)
  2 big kobolds
  A howler monkey (D:8)
  A crimson imp (D:7)
  A centaur zombie (D:8)
  A hound (D:10)
  2 iguanas (D:10)
  2 orc wizards (D:8)
  A shadow imp (D:7)
  A quokka (D:8)
  A quokka skeleton (D:8)
  A quokka zombie (D:8)
17 creatures vanquished.

Vanquished Creatures (others)
  3 hexers
  An orc wizard (D:8)
  An ancestor (D:7)
  3 jackals (D:11)
8 creatures vanquished.

Grand Total: 298 creatures vanquished

Notes
Turn   | Place    | Note
-------+----------+-------------------------------------------
     0 | D:1      | Mysteryquy the Minotaur Fighter began the quest for the Orb.
     0 | D:1      | Reached XP level 1. HP: 19/19 MP: 0/0
    70 | D:1      | Reached XP level 2. HP: 27/27 MP: 1/1
   640 | D:2      | Reached skill level 3 in Axes
   640 | D:2      | Reached XP level 3. HP: 17/33 MP: 2/2
   906 | D:2      | Noticed Sigmund
   978 | D:1      | Reached XP level 4. HP: 29/41 MP: 3/3
  1195 | D:2      | Killed Sigmund
  1195 | D:2      | Reached skill level 4 in Axes
  1195 | D:2      | Reached XP level 5. HP: 28/47 MP: 4/4
  1303 | D:2      | Noticed Natasha
  1313 | D:2      | Killed Natasha
  1313 | D:2      | Reached skill level 5 in Fighting
  1313 | D:2      | Reached skill level 5 in Axes
  1360 | D:2      | Noticed Natasha
  1366 | D:2      | Killed Natasha
  1366 | D:2      | Reached XP level 6. HP: 54/56 MP: 5/5
  1397 | D:2      | Noticed Natasha
  1407 | D:2      | Killed Natasha
  1816 | D:2      | Noticed Terence
  1828 | D:2      | Killed Terence
  1993 | D:2      | Noticed Jessica
  1998 | D:2      | Killed Jessica
  1998 | D:2      | Reached skill level 1 in Dodging
  2043 | D:2      | Found a basalt altar of Yredelemnul.
  2207 | D:2      | Reached skill level 5 in Armour
  2272 | D:3      | Reached skill level 1 in Maces & Flails
  2304 | D:3      | Noticed Robin
  2335 | D:3      | Killed Robin
  2473 | D:3      | Reached XP level 7. HP: 43/61 MP: 6/6
  2475 | D:3      | Reached skill level 5 in Shields
  2765 | D:3      | Found a sparkling altar of Nemelex Xobeh.
  3878 | D:5      | Entered Level 5 of the Dungeon
  4007 | D:6      | Reached XP level 8. HP: 38/70 MP: 7/7
  4028 | D:6      | Found Keogyh's Armour Shop.
  4103 | D:6      | Reached skill level 5 in Maces & Flails
  4506 | D:6      | Found an opulent altar of Gozag.
  4726 | D:6      | Noticed Shredu92's ghost (novice VSAs)
  4736 | D:6      | Killed Shredu92's ghost
  4754 | D:6      | Noticed Eustachio
  4771 | D:6      | Killed Eustachio
  4771 | D:6      | Reached XP level 9. HP: 78/78 MP: 8/8
  5488 | D:7      | Found a staircase to the Ecumenical Temple.
  5515 | Temple   | Entered the Ecumenical Temple
  5663 | Temple   | Became a worshipper of Hepliaklqana the Forgotten
  5877 | D:7      | Noticed Duvessa
  5877 | D:7      | Noticed Dowan
  5886 | D:7      | Killed Duvessa
  5898 | D:7      | Killed Dowan
  6198 | D:7      | Reached * piety under Hepliaklqana
  6306 | D:7      | Noticed Pikel
  6318 | D:7      | Killed Pikel
  6458 | D:7      | Reached skill level 10 in Maces & Flails
  6642 | D:8      | Reached XP level 10. HP: 74/77 MP: 9/9
  6825 | D:8      | Found a hide-covered altar of Uskayaw.
  6958 | D:8      | Found a sacrificial altar of Ru.
  7057 | D:8      | Reached ** piety under Hepliaklqana
  7058 | D:8      | Remembered your ancestor Haramble as a hexer
  7187 | D:8      | Found a sparkling altar of Nemelex Xobeh.
  7210 | D:8      | Reached skill level 6 in Axes
  7368 | D:8      | Found Acemned's Antique Armour Boutique.
  7373 | D:8      | Bought a twisted hat for 234 gold pieces
  7378 | D:8      | Identified the cursed +0 hat "Ywure" {rElec Int+4 Stlth-} (You bought it in a shop on level 8 of the Dungeon)
  7638 | D:8      | Found an iron altar of Okawaru.
  7648 | D:8      | Found a white marble altar of Elyvilon.
  7654 | D:8      | Got a transparent marble ring
  7657 | D:8      | Found a glowing golden altar of the Shining One.
  7727 | D:9      | Found Damam's Jewellery Shop.
  7764 | D:9      | Reached skill level 1 in Stealth
  7771 | D:9      | Reached skill level 7 in Axes
  7840 | D:9      | Noticed Joseph
  7861 | D:9      | Killed Joseph
  7916 | D:9      | Noticed Psyche
  7975 | D:9      | Killed Psyche
  8601 | D:10     | Entered Level 10 of the Dungeon
  8672 | D:10     | Reached skill level 8 in Axes
  8710 | D:10     | Found Pecopsit's Antique Armour Shoppe.
  8777 | D:10     | Killed an unseen horror
  8841 | D:10     | Reached skill level 9 in Axes
  8842 | D:10     | Reached skill level 10 in Armour
  8842 | D:10     | Reached XP level 11. HP: 74/87 MP: 10/10
  8852 | D:10     | Reached *** piety under Hepliaklqana
  8935 | D:10     | Noticed a three-headed hydra
  8943 | D:10     | Killed a seven-headed hydra
  8943 | D:10     | Reached skill level 10 in Axes
  9221 | D:10     | Found Qutzi's Jewellery Shoppe.
  9237 | D:10     | Found Jejodd's Armour Shoppe.
  9266 | D:10     | Identified 2 scrolls of acquirement
  9267 | D:10     | Got a smoking hand axe
  9268 | D:10     | Identified the ring "Junly" {rPois rF+ rN+ Dex+4} (You found it on level 8 of the Dungeon)
  9418 | D:10     | Found a portal to a secret trove of treasure.
  9569 | D:10     | Found Reghuit's Food Boutique.
  9714 | D:10     | Found Dubbyliaff's Food Shoppe.
 10310 | D:11     | Noticed a brown ugly thing
 10310 | D:11     | Noticed a purple ugly thing
 10313 | D:11     | Noticed a white ugly thing
 10319 | D:11     | Reached skill level 11 in Axes
 10320 | D:11     | Killed a purple ugly thing
 10322 | D:11     | Noticed a seven-headed hydra
 10324 | D:11     | Killed a brown ugly thing
 10328 | D:11     | Killed a white ugly thing
 10335 | D:11     | Slain by a nine-headed hydra

Vault maps used:
D:1:      lightli_arrival_lavapool
D:2:      lemuel_zombie_altar_yredelemnul, uniq_sigmund, uniq_terence,
          uniq_jessica, uniq_natasha
D:3:      nemelex_spade_bored_becter, uniq_robin
D:4:      first_bread, wad_floor_pattern_1
D:5:      lemuel_doored_altar, portal_sewer_entry_c, guppyfry_early_orc_mine,
          uniq_crazy_yiuf_cottage
D:6:      serial_shops, shop_statue,
          nicolae_gozag_cash_rules_everything_around_me, uniq_eustachio
D:7:      uniq_duvessa, uniq_pikel
D:8:      kennysheep_mini, hangedman_ru_absence,
          nemelex_xobeh_ov_fountains_minmay, minmay_overflow_temple_star_quad,
          serial_shops, kennysheep_little_box
D:9:      serial_shops, nicolae_shop_trees, uniq_psyche, uniq_joseph
D:10:     enter_trove_1, serial_shops, nicolae_shop_competitors_out_of_business,
          shop_statue, nicolae_shop_stone, shop, shop, hangedman_ranch
D:11:     erik_lair_island, dpeg_stationary_puzzle
Temple:   dshaligram_water_room_temple

Skill      XL: |  1  2  3  4  5  6  7  8  9 10 11 |
---------------+----------------------------------+-----
Fighting       | 4 5 6 7 9 |  9.7
Shields        | 4 5 6 8 |  8.9
Axes           | 3 4 5 9 11 | 11.6
Armour         | 4 5 6 7 8 10 | 10.4
Dodging        | 1 2 3 |  3.1
Maces & Flails | 1 4 7 10 | 10.4
Stealth        | 1 2 |  2.1

Action                   |  1- 3 |  4- 6 |  7- 9 | 10-12 || total
-------------------------+-------+-------+-------+-------++-------
Melee: War axe           |    45 |    71 |       |   149 ||   265
       Headbutt          |     8 |    19 |    50 |    69 ||   146
       Flail             |       |    58 |   330 |    34 ||   422
       Battleaxe         |       |       |       |   144 ||   144
       Unarmed           |       |       |       |     3 ||     3
Invok: Ancestor Identity |       |       |     1 |       ||     1
       Ancestor Life: He |       |       |       |     1 ||     1
  Use: Potion            |       |     1 |       |       ||     1
       Scroll            |       |       |       |     9 ||     9
 Stab: Distracted        |       |       |       |     3 ||     3
       Confused          |       |       |       |     3 ||     3
  Eat: Chunk             |       |     5 |    14 |     2 ||    21
       Bread ration      |       |       |       |     4 ||     4
       Fruit             |       |       |       |     1 ||     1
Armor: Scale mail        |    15 |    58 |    45 |       ||   118
       Plate armour      |       |       |    71 |   220 ||   291
       Skin              |       |       |       |     1 ||     1
Dodge: Dodged            |    22 |    42 |    62 |   124 ||   250
Block: Shield            |    17 |    66 |   168 |   102 ||   353
